Unix xNetHack Version 7.1.0 - last build Jul 4 2022 02:09:00 (ec8469f2eb63cac24863ec985b09651f3a72bf9f). Game began 2022-07-07 20:29:00, ended 2022-07-07 20:37:37. nmlkj, chaotic male human Wizard --------------------------------- |.))............................| |.----....------ -------- | |.| |....| |.| ----~+ |.| |.| |.-+-- |.----- |....-|--.....| ------ |..........-..| |<....#### |.{..--|-.----- |....| ## |....| |.| |....| ### |.-+-- |.| |....- ##### #!|.| |.| -----. ##### #@..| ----.| # #|.----....----- ----- - ----- | # #................................| # ##--------------------------------- ## # Nmlkj the Conjurer St:12 Dx:11 Co:14 In:18 Wi:10 Ch:9 Chaotic S:1304 Dlvl:6 $:590 HP:0(31) Pw:37(37) AC:9 Xp:4/116 T:1045 Latest messages: You start digging. You hit the rock with all your might. "Hey, stop damaging that wall!" You stop digging. You continue digging. You hit the rock with all your might. "Halt, vandal! You're under arrest!" An angry guard is approaching! You stop digging. You hear a door open. You swap places with your housecat. You start digging. This wall seems too hard to dig into. You hear a chugging sound. Something is written here in the dust. You read: "Clos?| for invertorv". You hear an animal carcass being offered in sacrifice. The watchman zaps an oak wand! The magic missile hits you! Some missiles bounce off! The watchman zaps a wand of magic missile! The magic missile hits you! Some missiles bounce off! The watchman zaps a wand of magic missile! The magic missile hits you! Some missiles bounce off! The watchman wields a short sword! The watchman zaps a wand of magic missile! The magic missile hits you! Some missiles bounce off! The watchman thrusts her short sword. The watchman jabs you! The watchman throws a spear! The spear misses the watchman. A spear misses you. The watchman throws a spear! The spear misses the housecat. The spear hits the watchman. You start digging. You hit the rock with all your might. You stop digging. The watchman thrusts her short sword. The watchman impales you! The watchman throws a spear! A spear misses you. You hear a door unlock. You hear a door open. The watchman picks up a spear. The jar crashes on your head and breaks into shards. You die... Major events: Turn 1: nmlkj the chaotic male human Wizard entered the dungeon 258: entered the Gnomish Mines 356: attained the rank of Conjurer (level 3) 975: reached Mine Town 1045: killed by a thrown potion Inventory: Inventory: 467/700 weight (14/52 slots) Coins $ - 590 gold pieces {6} Weapons k - 3 +0 daggers (at the ready) {30} a - a blessed +1 quarterstaff {40} Armor m - an uncursed +0 pair of mithril dwarvish boots {31} b - an uncursed +0 cloak of magic resistance (being worn) {8} Comestibles l - an uncursed banana {2} Spellbooks o - an uncursed spellbook of charm monster {60} j - an uncursed spellbook of create monster {40} c - a blessed spellbook of force bolt {35} f - an uncursed spellbook of healing {35} d - a blessed spellbook of magic missile {40} e - an uncursed spellbook of protection {35} Rings i - an uncursed ring of stealth {3} Tools h - a magic marker (0:60) {2} n - a +0 pick-axe (weapon in hand) {100} Nmlkj the Wizard's attributes: Background: You were a Conjurer, a level 4 male human Wizard. You were chaotic, nominally on a mission for Anhur who was opposed by Ptah (lawful) and Thoth (neutral). You were heterosexual. You were in the Gnomish Mines, on level 6. You entered the dungeon 1045 turns ago. You had 116 experience points, 44 more were needed to attain level 5. Your score was 1304 before end-of-game adjustments. Basics: You had 0 out of 31 hit points. You had all 37 energy points (spell power). Your armor class was 9. Your wallet contained 590 zorkmids. Autopickup was on for '$"?+!=/' plus thrown. Final Characteristics: Your strength was 12 (peak:14, limit:18/100). Your dexterity was 11 (limit:18). Your constitution was 14 (limit:18). Your intelligence was 18 (limit:18). Your wisdom was 10 (limit:18). Your charisma was 9 (limit:18). Final Status: You were not hungry. You were unencumbered. You were wielding a pick-axe. You had no skill with pick-axe. Final Attributes: You were devoutly aligned. You were magic-protected. You were warded. You are dead. Miscellaneous: You never encountered a bones level. Total elapsed playing time was 8 minutes and 37 seconds. Vanquished creatures: 2 gnome leaders 4 dwarves a centipede a gas spore 4 hobbits 20 gnomes 4 jackals a sewer rat a grid bug a kobold zombie 39 creatures vanquished. No species were genocided or became extinct. Voluntary challenges: You were an atheist. You read items or engraved 2 times. You never genocided any monsters. You never polymorphed an object. You never changed form. You never touched an artifact. You used no wishes. You never scared an enemy with impunity. You were celibate. You never generated conflict. Achievements: You entered the Gnomish Mines. You attained the rank of Conjurer. You entered Minetown. The Dungeons of Doom: levels 1 to 2 Level 1: A fountain. Level 2: Stairs down to The Gnomish Mines. The Gnomish Mines: levels 3 to 6 Level 3: Level 4: Level 5: Level 6: <- You were here. A fountain. Final resting place for you, killed by a thrown potion. Game over: __________ / \ / REST \ / IN \ / PEACE \ / \ | nmlkj | | 590 Au | | killed by a | | thrown potion | | | | | | 2022 | *| * * * | * _________)/\\_//(\/(/\)/\//\/|_)_______ Goodbye nmlkj the Wizard... You died in The Gnomish Mines on dungeon level 6 with 1245 points, and 590 pieces of gold, after 1045 moves. You were level 4 with a maximum of 31 hit points when you died.